 Dungeon Crawl Stone Soup version 0.20-a0-433-g9e36e56 (webtiles) character file.

37 Gorice the Vexing (level 3, 0/27 HPs)
             Began as a Demonspawn Arcane Marksman on Jan 4, 2017.
             Slain by a leopard gecko (5 damage)
             ... on level 2 of the Dungeon.
             The game lasted 00:05:49 (1169 turns).

Gorice the Vexing (Demonspawn Arcane Marksman)      Turns: 1169, Time: 00:05:50

Health: 0/27       AC:  3    Str: 11    XL:     3   Next: 21%
Magic:  2/4        EV: 12    Int: 14    God:
Gold:   73         SH:  0    Dex: 13    Spells: 3/4 levels left

rFire  + . .     SeeInvis .     a - +0 hand axe
rCold  . . .     Gourm    .     p - +1 robe
rNeg   . . .     Faith    .     (no shield)
rPois  .         Spirit   .     (no helmet)
rElec  .         Reflect  .     (no cloak)
rCorr  .         Harm     .     (no gloves)
MR     .....                    (no boots)
Stlth  +.........               (no amulet)
                                (no ring)
                                (no ring)

@: lethally poisoned (0 -> -2), very slightly contaminated
A: fire resistance 1
a: no special abilities


You were on level 2 of the Dungeon.
You were not hungry.

You visited 1 branch of the dungeon, and saw 2 of its levels.

You collected 73 gold pieces.

Inventory:

Hand Weapons
 a - a +0 hand axe (weapon)
 n - a +0 dagger
Missiles
 c - 4 javelins (quivered)
 d - 24 bolts
 i - 23 sling bullets
 Y - a throwing net
 Z - 38 stones
Armour
 p - a +1 robe (worn)
Jewellery
 s - an uncursed ring of ice
Scrolls
 j - 2 scrolls of magic mapping {unknown}
 k - a scroll of recharging
 m - a scroll of fear {!r}
 q - a scroll of immolation {unknown}
Potions
 e - 2 potions of agility {!q}
 l - 2 potions of brilliance {unknown}
 r - a potion of flight {unknown}
 t - a potion of resistance {unknown}
Books
 b - a book of Debilitation
Comestibles
 f - 2 bread rations {!e}
 g - a meat ration {!e}
 h - 6 chunks of flesh
 o - a beef jerky


   Skills:
 + Level 2.0 Fighting
 + Level 2.8 Throwing
 - Level 1.7 Dodging
 - Level 1.0 Spellcasting
 - Level 3.0 Hexes


You had 3 spell levels left.
You knew the following spells:

 Your Spells              Type           Power        Failure   Level  Hunger
a - Corona                Hex            #......      10%         1    ##.....


Dungeon Overview and Level Annotations

Branches:
Dungeon (2/15)

Altars:
Ashenzari


Innate Abilities, Weirdness & Mutations

Your flesh is heat resistant. (rF+)


Message History

Aiming: Corona
Press: ? - help, Shift-Dir - straight line, f/p - adder
Aim: an adder (chance to defeat MR: 52%)
The adder is outlined in light.
The leopard gecko bites you but does no damage.
The adder bites you.
You are poisoned.
The adder poisons you! The leopard gecko bites you.
Damage: 5 (max 5)
You hit the adder.
The adder is moderately wounded.
You hit the leopard gecko.
You feel sick. The adder bites you. The leopard gecko barely misses you.
The adder barely misses you.
Damage: 5 (max 5) Unknown command.
You closely miss the adder.
The adder is moderately wounded.
You barely miss the leopard gecko. The leopard gecko bites you.
The adder misses you. The leopard gecko bites you.
Damage: 3 (max 5) Unknown command.
You hit the adder.
The adder is severely wounded.
You closely miss the leopard gecko. The adder bites you.
* * * LOW HITPOINT WARNING * * *
The leopard gecko closely misses you. The adder closely misses you.
Damage: 1 (max 5) Unknown command.
Unknown command.
You closely miss the adder.
The adder is severely wounded.
You barely miss the leopard gecko.
You feel sick.
The leopard gecko bites you but does no damage.
The adder barely misses you. The leopard gecko barely misses you.
The adder bites you.
* * * LOW HITPOINT WARNING * * *
Damage: 6 (max 6)
You closely miss the adder.
The adder is severely wounded.
You barely miss the leopard gecko. The adder bites you.
* * * LOW HITPOINT WARNING * * *
The leopard gecko barely misses you.
Damage: 1 (max 6) Unknown command.
You closely miss the adder.
The adder is severely wounded.
You hit the leopard gecko. The adder bites you.
* * * LOW HITPOINT WARNING * * *
The leopard gecko bites you.
You die...

...................#
###.###.####.......#
#.# #. #.......# #.#
# ##......# #.#
#......# #.#
.#####...)..# ..#
............# ##
..........#####
.........@l...#
.#....###.S.#..#
#.... #....# # #...K
##.#.# #.. .._.. ..
.#.### . ...# ## #


You could see an adder and a leopard gecko.

Vanquished Creatures
  2 dart slugs (D:1)
  3 leopard geckos (D:1)
  3 giant cockroaches
  4 goblins
  3 hobgoblins
  A kobold (D:1)
  A ball python (D:1)
  A bat (D:1)
  6 frilled lizards
  6 rats
30 creatures vanquished.

Notes
Turn   | Place    | Note
-------+----------+-------------------------------------------
     0 | D:1      | Gorice the Demonspawn Arcane Marksman began the quest for the Orb.
     0 | D:1      | Reached XP level 1. HP: 15/15 MP: 2/2
   145 | D:1      | Reached skill level 2 in Throwing
   178 | D:1      | Gained mutation: Your flesh is heat resistant. (rF+) [demonic ancestry]
   178 | D:1      | Reached XP level 2. HP: 16/21 MP: 3/3
   659 | D:1      | Reached skill level 2 in Fighting
   818 | D:1      | Reached XP level 3. HP: 26/27 MP: 4/4
  1154 | D:2      | Found a shattered altar of Ashenzari.
  1167 | D:2      | HP: 7/27 [adder (5)]
  1169 | D:2      | Slain by a leopard gecko

Vault maps used:
D:1:      doesnt_arrival_goblin_jail, minmay_vboxes
D:2:      ashenzari_altar_1, first_bread, uniq_jessica

Skill      XL: |  1  2 |
---------------+-------+-----
Throwing       | 2 |  2.8
Fighting       | 2 |  2.0
Dodging        | |  1.7
Spellcasting   | |  1.0
Hexes          | |  3.0

Action                   || total
-------------------------++-------
Melee: Unarmed           ||    55
       Hand axe          ||    36
Throw: Javelin           ||    20
       Throwing net      ||     1
 Cast: Corona            ||    17
  Use: Scroll            ||     6
 Stab: Sleeping          ||     1
  Eat: Chunk             ||     2
Armor: Robe              ||    19
Dodge: Dodged            ||    72

Table legend:
 A = Turns spent in this place as a percentage of turns spent in the entire game.
 B = Non-inter-level travel turns spent in this place as a percentage of non-inter-level travel turns spent in the entire game.
 C = Inter-level travel turns spent in this place as a percentage of turns spent in this place.
 D = Turns resting spent in this place as a percentage of non-inter-level travel turns spent in this place.
 E = Turns spent auto-exploring this place as a percentage of non-inter-level travel turns spent in this place.
 F = Non-inter-level travel turns spent in this place divided by the number of levels of this place that you've seen.
                   A       B       C       D       E      F
               +-------+-------+-------+-------+-------+----------------------
         Total | 100.0 | 100.0 |   0.9 |   0.9 |   5.6 | 221.5
       Dungeon | 100.0 | 100.0 |   0.9 |   0.9 |   5.6 | 221.5
               +-------+-------+-------+-------+-------+----------------------

Vault maps used:
D:1:      doesnt_arrival_goblin_jail, minmay_vboxes
D:2:      ashenzari_altar_1, first_bread, uniq_jessica
